 Dungeon Crawl Stone Soup version 0.29-a0-384-g6960b1960d (webtiles) character file.

Game seed: 9077850978597747846

28 runemasterragnar the Skirmisher (level 3, -2/26 HPs)
             Began as an Octopode Fighter on May 7, 2022.
             Slain by a hound (4 damage)
             ... on level 3 of the Dungeon.
             The game lasted 00:01:02 (987 turns).

runemasterragnar the Skirmisher (Octopode Fighter)   Turns: 987, Time: 00:01:02

Health: -2/26      AC:  1    Str: 15    XL:     3   Next: 14%
Magic:  3/3        EV: 13    Int: 12    God:
Gold:   59         SH:  4    Dex: 11    Spells: 2/2 levels left

rFire   . . .      SeeInvis .   a - +0 long sword
rCold   . . .      Faith    .   b - +0 buckler
rNeg    . . .      Spirit   .   (helmet restricted)
rPois   .          Reflect  .   (no amulet)
rElec   .          Harm     .   h - ring of flight
rCorr   .          Rampage  .   (no ring)
Will    .....                   (no ring)
Stlth   ++........              (no ring)
HPRegen 0.08/turn               (no ring)
MPRegen 0.08/turn               (no ring)
                                (no ring)
                                (no ring)

@: flying
A: almost no armour, amphibious, 8 rings, camouflage 1, gelatinous body 1,
(nimble swimmer 1), tentacles
a: no special abilities


You were on level 3 of the Dungeon.
You visited 1 branch of the dungeon, and saw 3 of its levels.

You collected 59 gold pieces.

Inventory:

Hand Weapons
 a - a +0 long sword (weapon)
Armour
 b - a +0 buckler (worn)
Jewellery
 f - an amulet of guardian spirit
 h - a ring of flight (left tentacle)
 k - a ring of ice
Scrolls
 e - 2 scrolls of fear {unknown}
 g - 2 scrolls of identify {unknown}
 j - a scroll of teleportation {unknown}
Potions
 c - 2 potions of might
 d - a potion of curing {unknown}
 i - a potion of attraction {unknown}
 l - a potion of flight {unknown}


   Skills:
 + Level 3.1 Fighting
 * Level 2.6 Long Blades
 + Level 3.1 Dodging
 + Level 1.1 Stealth
 + Level 3.1 Shields
 + Level 0.7 Unarmed Combat


You had 2 spell levels left.
You didn't know any spells.
Your spell library was empty.

Dungeon Overview and Level Annotations

Branches:
Dungeon (3/15)

Altars:


Innate Abilities, Weirdness & Mutations

You cannot wear most types of armour.
You are amphibious.
You can wear up to eight rings at the same time.
Your skin changes colour to match your surroundings (Stealth+).
Your rubbery body absorbs attacks. (AC +1, EV +1)
((You are camouflaged when in or above water. (Stealth+)))
You have tentacles for arms and can constrict up to eight enemies at once.


Message History

You hit the giant cockroach.
You kill the giant cockroach!
You hit the hound but do no damage. Your grab misses the hound.
The hound bites you. x2
You closely miss the hound. Your grab misses the hound.
Your tentacle-slap misses the hound.
You squeeze the hound.
The hound is lightly wounded.
The hound closely misses you. The hound misses you.
Unknown command.
You slash the hound! Your grab misses the hound.
The hound is severely wounded.
The hound barely misses you. You block the hound's attack.
You hit the hound but do no damage. Your grab misses the hound.
The hound is severely wounded.
The hound bites you. You block the ball python's attack.
The ball python barely misses you. The hound bites you.
The ball python closely misses you. The ball python grabs you.
The ball python constricts you.
You are too injured to fight recklessly!
You are too injured to fight recklessly!
You are too injured to fight recklessly!
You are too injured to fight recklessly!
Unknown command.
You are too injured to fight recklessly!
You are too injured to fight recklessly!
You hit the hound. Your grab misses the hound.
The hound is almost dead.
The hound bites you.
* * * LOW HITPOINT WARNING * * *
The ball python barely misses you. The ball python constricts you.
* * * LOW HITPOINT WARNING * * *
The hound bites you.
* * * LOW HITPOINT WARNING * * *
You block the ball python's attack. The ball python constricts you.
* * * LOW HITPOINT WARNING * * *
Unknown command.
Okay, then.
You escape the ball python's grasp.
The hound attacks as you move away! The hound bites you.
You die...

#.......# ....$..
...... #....## .....
#...# #Sh.# #.### #
#.@.## #.#.. .
#....# #.#.# #
##...# #.#.# #...#
#.#.# # ###...#
###.#.###### #.....#
#...........
####..###.#........#
#........#.####..
##.....###.# ###


You could see a hound and a ball python.

Vanquished Creatures
  A dart slug (D:1)
  5 bats
  3 endoplasms
  3 giant cockroaches
  2 goblins
  2 hobgoblins (D:1)
  A quokka (D:1)
  2 ball pythons (D:1)
  A frilled lizard (D:1)
  A kobold (D:1)
  3 rats
24 creatures vanquished.

Notes
Turn   | Place    | Note
-------+----------+-------------------------------------------
     0 | D:1      | runemasterragnar the Octopode Fighter began the quest for
                  | the Orb.
     0 | D:1      | Reached XP level 1. HP: 16/16 MP: 1/1
   142 | D:1      | Reached XP level 2. HP: 18/21 MP: 2/2
   298 | D:1      | Reached skill level 1 in Stealth
   833 | D:3      | Reached XP level 3. HP: 26/26 MP: 3/3
   987 | D:3      | Slain by a hound

Illustrated notes

Levels and vault maps discovered:
D:1:      dpeg_arrival_lava_temple_mockup, layout_rooms,
          corexii_leaking_fountain, due_unseen_surprise
D:2:      layout_rooms, basic_altar, grunt_ministairs_8
D:3:      layout_loops_ring, shapermc_ecumenical_altar_hornbeckon,
          uniq_crazy_yiuf_cottage, uniq_robin

Skill      XL: |  1  2 |
---------------+-------+-----
Stealth        | 1 |  1.1
Fighting       | |  3.1
Long Blades    | |  2.6
Dodging        | |  3.1
Shields        | |  3.1
Unarmed Combat | |  0.7

Action                   || total
-------------------------++-------
Melee: Long sword        ||    42
       Constrict         ||     6
       Tentacles         ||     4
 Stab: Sleeping          ||     5
Armor: Skin              ||     4
Dodge: Dodged            ||    19
Block: Buckler           ||    13

Table legend: (Time is in decaauts)
 A = Elapsed time spent in this place.
 B = Non-inter-level travel time spent in this place.
 C = Inter-level travel time spent in this place.
 D = Time resting spent in this place.
 E = Time spent auto-exploring this place.
 F = Levels seen in this place.
 G = Mean time per level.
                   A        B        C        D        E       F      G
               +--------+--------+--------+--------+--------+-----+--------+
         Total |   1000 |    961 |     39 |      0 |    794 |   3 |  333.3 |
       Dungeon |   1000 |    961 |     39 |      0 |    794 |   3 |  333.3 |
               +--------+--------+--------+--------+--------+-----+--------+

Top non-repeatable levels by time:
     D:1: 759 daAuts
     D:3: 170 daAuts
     D:2: 70 daAuts
